NYP
CONNECTICUT TIGERS @ SPOKANE INDIANS
09/01/2048
 
TOP OF THE 1ST
Connecticut Tigers batting - Pitching for Spokane Indians : LHP Chris P. Bacon
Pitching: LHP Chris P. Bacon
Batting: RHB Janne Vihko 0-0: Ball
1-0: Ball
2-0: Swinging Strike
2-1: Foul Ball, location: 2F
2-2: Ground out 6-3 (Groundball, 6, EV 100.6 MPH)
Batting: LHB Antonio Luis 0-0: Ball
1-0: Foul Ball, location: 2F
1-1: SINGLE (Groundball, 34D, EV 108.8 MPH)
Batting: RHB Jaden Warrior 0-0: Ball
1-0: Called Strike
1-1: Called Strike
1-2: Foul Ball, location: 2F
1-2: Foul Ball, location: 2F
1-2: Reached on error, E4 (Groundball, 4, EV 89.4 MPH)
Antonio Luis to second
Batting: RHB Zack DiCicco 0-0: Ball
1-0: Foul Ball, location: 2F
Balk!
Antonio Luis to third
Jaden Warrior to second
1-1: Ball
2-1: Ball
3-1: Called Strike
3-2: Strikes out swinging
Batting: RHB Juan Acero 0-0: Called Strike
0-1: SINGLE (Flyball, 7LS, EV 95.6 MPH)
Antonio Luis scores
Jaden Warrior to third
Runner from 3rd tries for Home, SAFE, throw by LF to home
Batting: LHB Afanasy Zasekin 0-0: Called Strike
0-1: Ball
1-1: Fielders Choice at 2nd, U4 (Groundball, 4M, EV 85.0 MPH)
Top of the 1st over - 2 runs, 2 hits, 1 error, 1 left on base; Connecticut 2 - Spokane 0
BOTTOM OF THE 1ST
Spokane Indians batting - Pitching for Connecticut Tigers : RHP Alan Grossfeld
Pitching: RHP Alan Grossfeld
Batting: RHB Orlando Melchor 0-0: Foul Ball, location: 2F
0-1: Foul Ball, location: 2F
0-2: Ball
1-2: Ground out 5-3 (Groundball, 56S, EV 85.6 MPH)
Batting: RHB Josh Whitmore 0-0: Ball
1-0: SINGLE (Groundball, 6D, EV 102.5 MPH)
Batting: RHB Austin Mickelson 0-0: Called Strike
0-1: Swinging Strike
0-2: Ball
Josh Whitmore steals 2nd base
1-2: Ball
2-2: Ball
3-2: Strikes out looking
Batting: RHB Chad Thompson 0-0: Called Strike
0-1: Ball
1-1: Foul Ball, location: 2F
1-2: 2-RUN HOME RUN (Flyball, 78XD, EV 105.6 MPH), Distance : 407 ft
Batting: LHB Mike Sammons 0-0: Ball
1-0: Foul Ball, location: 2F
1-1: Foul Ball, location: 2F
1-2: Ball
2-2: Ball
3-2: Ground out 6-3 (Groundball, 4M, EV 88.1 MPH)
Bottom of the 1st over - 2 runs, 2 hits, 0 errors, 0 left on base; Connecticut 2 - Spokane 2
TOP OF THE 2ND
Connecticut Tigers batting - Pitching for Spokane Indians : LHP Chris P. Bacon
Batting: RHB Jordan Hall 0-0: Ball
1-0: Ball
2-0: Called Strike
2-1: Ground out 4-3 (Groundball, 4, EV 78.1 MPH)
Batting: RHB Yankel Pensak 0-0: Called Strike
0-1: Ball
1-1: Called Strike
1-2: Ball
2-2: Ball
3-2: Strikes out swinging
Batting: RHB Jeremiah Washington 0-0: Called Strike
0-1: Foul Ball, location: 2F
0-2: SINGLE (Line Drive, 6D, EV 109.4 MPH)
Batting: RHB Janne Vihko 0-0: Called Strike
0-1: Ball
1-1: Foul Ball, location: 2F
1-2: SINGLE (Groundball, 6D, EV 97.5 MPH)
Jeremiah Washington to second
Runner from 2nd tries for 3rd, SAFE, throw by LF made to third
Now in LF: Theo van Gent
Batting: LHB Antonio Luis 0-0: Called Strike
Pickoff Throw to First - Out! 1-3
Top of the 2nd over - 0 runs, 2 hits, 0 errors, 1 left on base; Connecticut 2 - Spokane 2
BOTTOM OF THE 2ND
Spokane Indians batting - Pitching for Connecticut Tigers : RHP Alan Grossfeld
Batting: RHB Laroya Foronda 0-0: Foul Ball, location: 2F
0-1: Ball
1-1: Ball
2-1: Ground out 4-3 (Groundball, 4, EV 78.1 MPH)
Batting: RHB Dennis Daniels 0-0: Ground out 1-3 (Groundball, 15S, EV 62.5 MPH)
Batting: RHB Dennis Daniels 0-0: Called Strike
0-1: Ground out U3 (Groundball, 34, EV 111.2 MPH)
Bottom of the 2nd over - 0 runs, 0 hits, 0 errors, 0 left on base; Connecticut 2 - Spokane 2
TOP OF THE 3RD
Connecticut Tigers batting - Pitching for Spokane Indians : LHP Chris P. Bacon
Batting: LHB Antonio Luis 0-0: Ball
1-0: Ball
2-0: Called Strike
2-1: Foul Ball, location: 2F
2-2: Strikes out swinging
Batting: RHB Jaden Warrior 0-0: Foul Ball, location: 2F
0-1: Swinging Strike
0-2: Strikes out swinging
Batting: RHB Zack DiCicco 0-0: Called Strike
0-1: Called Strike
0-2: Ball
1-2: Strikes out swinging
Top of the 3rd over - 0 runs, 0 hits, 0 errors, 0 left on base; Connecticut 2 - Spokane 2
BOTTOM OF THE 3RD
Spokane Indians batting - Pitching for Connecticut Tigers : RHP Alan Grossfeld
Batting: RHB Rick Concha 0-0: Fly out, F9 (Flyball, 9, EV 82.5 MPH)
Batting: RHB Theo van Gent 0-0: Ball
1-0: Foul Ball, location: 2F
1-1: Ground out 6-3 (Groundball, 6MS, EV 81.2 MPH)
Batting: RHB Josh Whitmore 0-0: Called Strike
0-1: Foul Ball, location: 2F
0-2: Strikes out swinging
Bottom of the 3rd over - 0 runs, 0 hits, 0 errors, 0 left on base; Connecticut 2 - Spokane 2
TOP OF THE 4TH
Connecticut Tigers batting - Pitching for Spokane Indians : LHP Chris P. Bacon
Batting: RHB Juan Acero 0-0: Called Strike
0-1: Ball
1-1: Ball
2-1: Swinging Strike
2-2: Ball
3-2: Base on Balls
Batting: LHB Afanasy Zasekin 0-0: Called Strike
0-1: Ball
1-1: Called Strike
1-2: Ball
2-2: Ball
3-2: Reached on error, E6 (Groundball, 4MS, EV 78.8 MPH)
Juan Acero to second
Batting: RHB Jordan Hall 0-0: Called Strike
0-1: Foul Ball, location: 2F
0-2: Ball
1-2: Ball
2-2: SINGLE (Groundball, 4MD, EV 97.5 MPH)
Juan Acero to third
Afanasy Zasekin to second
Batting: RHB Yankel Pensak 0-0: Swinging Strike
0-1: Ball
1-1: Swinging Strike
1-2: Ball
2-2: Strikes out swinging
Batting: RHB Jeremiah Washington 0-0: Called Strike
0-1: Called Strike
0-2: Ball
Wild Pitch!
Juan Acero scores
Afanasy Zasekin to third
Jordan Hall to second
1-2: Fly out, F8 (Flyball, 89M, EV 95.6 MPH)
Runner from 3rd tags up, SCORES, throw by CF
Batting: RHB Janne Vihko 0-0: Foul Ball, location: 2F
0-1: Fly out, F9 (Flyball, 9D, EV 103.1 MPH)
Top of the 4th over - 2 runs, 1 hit, 1 error, 1 left on base; Connecticut 4 - Spokane 2
BOTTOM OF THE 4TH
Spokane Indians batting - Pitching for Connecticut Tigers : RHP Alan Grossfeld
Batting: RHB Austin Mickelson 0-0: Ball
1-0: SINGLE (Line Drive, 9S, EV 106.2 MPH)
Batting: RHB Chad Thompson 0-0: Ball
1-0: Called Strike
1-1: Ball
2-1: Ball
3-1: Base on Balls
Austin Mickelson to second
Batting: LHB Mike Sammons 0-0: Ball
1-0: Foul Ball, location: 2F
1-1: Ball
2-1: Ball
3-1: Base on Balls
Austin Mickelson to third
Chad Thompson to second
Batting: RHB Laroya Foronda 0-0: Ball
1-0: Foul Ball, location: 2F
1-1: Called Strike
1-2: Ball
2-2: Grounds into fielders choice 1-2 (Groundball, 13S, EV 67.5 MPH)
Chad Thompson to third
Mike Sammons to second
Batting: RHB Dennis Daniels 0-0: Ball
1-0: Foul Ball, location: 2F
1-1: Foul Ball, location: 2F
1-2: Grounds into fielders choice 1-2 (Groundball, 13S, EV 65.0 MPH)
Mike Sammons to third
Laroya Foronda to second
Batting: RHB Dennis Daniels 0-0: Ball
1-0: Fly out, F9 (Flyball, 9D, EV 100.0 MPH)
Bottom of the 4th over - 0 runs, 1 hit, 0 errors, 3 left on base; Connecticut 4 - Spokane 2
TOP OF THE 5TH
Connecticut Tigers batting - Pitching for Spokane Indians : LHP Chris P. Bacon
Batting: LHB Antonio Luis 0-0: Fly out, F8 (Flyball, 8RM, EV 81.2 MPH)
Batting: RHB Jaden Warrior 0-0: Ball
1-0: Foul Ball, location: 2F
1-1: Ball
2-1: Ball
3-1: DOUBLE (Line Drive, 7LS, EV 104.4 MPH)
Batting: RHB Zack DiCicco 0-0: Called Strike
0-1: Ground out U3 (Groundball, 34, EV 91.9 MPH)
Jaden Warrior to third
Batting: RHB Juan Acero 0-0: Called Strike
0-1: Ball
1-1: Ball
2-1: Ball
3-1: Base on Balls
Batting: LHB Afanasy Zasekin 0-0: Called Strike
0-1: Called Strike
0-2: Foul Ball, location: 2F
0-2: Ball
1-2: Ball
Passed Ball!
Jaden Warrior scores
Juan Acero to second
2-2: Strikes out swinging
Top of the 5th over - 1 run, 1 hit, 0 errors, 1 left on base; Connecticut 5 - Spokane 2
BOTTOM OF THE 5TH
Spokane Indians batting - Pitching for Connecticut Tigers : RHP Alan Grossfeld
Batting: RHB Rick Concha 0-0: Ground out 6-3 (Groundball, 6, EV 86.9 MPH)
Batting: RHB Theo van Gent 0-0: SINGLE (Flyball, 5D, EV 87.5 MPH)
Batting: RHB Josh Whitmore 0-0: Ball
1-0: Called Strike
1-1: Foul Ball, location: 2F
1-2: Ball
2-2: SINGLE (Groundball, 56, EV 80.6 MPH) (infield hit)
Theo van Gent to second
Batting: RHB Austin Mickelson 0-0: Ball
1-0: Called Strike
1-1: Called Strike
1-2: Foul Ball, location: 2F
1-2: Foul Ball, location: 2F
1-2: Ball
2-2: Foul Ball, location: 2F
2-2: Ball
3-2: Foul Ball, location: 2F
3-2: Foul Ball, location: 2F
3-2: Base on Balls
Theo van Gent to third
Josh Whitmore to second
Batting: RHB Chad Thompson 0-0: Ball
1-0: Fielders Choice at 2nd, 5-4 (Groundball, 56, EV 85.6 MPH)
Theo van Gent scores
Josh Whitmore to third
Batting: LHB Mike Sammons 0-0: Ball
1-0: Foul Ball, location: 2F
1-1: Ball
2-1: SINGLE (Groundball, 34S, EV 66.9 MPH) (infield hit)
Josh Whitmore scores
Chad Thompson to second
Batting: RHB Laroya Foronda 0-0: Fielders Choice at 2nd, 6-4 (Groundball, 6, EV 85.6 MPH)
Bottom of the 5th over - 2 runs, 3 hits, 0 errors, 2 left on base; Connecticut 5 - Spokane 4
TOP OF THE 6TH
Connecticut Tigers batting - Pitching for Spokane Indians : LHP Chris P. Bacon
Batting: RHB Jordan Hall 0-0: Ball
1-0: Ball
2-0: DOUBLE (Flyball, 8RXD, EV 105.6 MPH)
Batting: RHB Yankel Pensak 0-0: Foul Ball, location: 2F
0-1: Ball
1-1: Ball
2-1: Ball
3-1: Base on Balls
Batting: RHB Jeremiah Washington 0-0: Ball
1-0: Ball
2-0: Called Strike
2-1: Foul Ball, location: 2F
2-2: Fly out, F8 (Flyball, 8LD, EV 90.0 MPH)
Pitching: LHP Mario Castro
Batting: RHB Janne Vihko 0-0: Ball
1-0: Ball
2-0: Ball
3-0: Called Strike
3-1: Fly out, F8 (Flyball, 89S, EV 69.4 MPH)
Batting: LHB Antonio Luis 0-0: DOUBLE (Line Drive, 89D, EV 103.1 MPH)
Jordan Hall scores
Yankel Pensak to third
Runner from 3rd tries for Home, SAFE, throw by RF to trailing runner, OUT at third! 9-3-5
Top of the 6th over - 2 runs, 2 hits, 0 errors, 0 left on base; Connecticut 7 - Spokane 4
BOTTOM OF THE 6TH
Spokane Indians batting - Pitching for Connecticut Tigers : RHP Alan Grossfeld
Batting: RHB Dennis Daniels 0-0: Called Strike
0-1: Ball
1-1: Ball
2-1: Called Strike
2-2: Ball
3-2: Fly out, F5 (Popup, 5SF, EV 88.1 MPH)
Batting: RHB Dennis Daniels 0-0: Ball
1-0: Foul Ball, location: 2F
1-1: Ground out 5-3 (Groundball, 56, EV 80.6 MPH)
Batting: RHB Rick Concha 0-0: Ground out 5-3 (Groundball, 56, EV 85.0 MPH)
Bottom of the 6th over - 0 runs, 0 hits, 0 errors, 0 left on base; Connecticut 7 - Spokane 4
TOP OF THE 7TH
Connecticut Tigers batting - Pitching for Spokane Indians : LHP Mario Castro
Batting: RHB Jaden Warrior 0-0: Ball
1-0: Ball
2-0: Ball
3-0: Called Strike
3-1: Base on Balls
Batting: RHB Zack DiCicco 0-0: Foul Ball, location: 2F
0-1: Swinging Strike
0-2: Ball
Wild Pitch!
Jaden Warrior to second
1-2: Strikes out looking
Batting: RHB Juan Acero 0-0: Intentional Walk
Batting: LHB Afanasy Zasekin 0-0: Ball
1-0: Ball
2-0: Foul Ball, location: 2F
2-1: SINGLE (Groundball, 4D, EV 101.2 MPH)
Jaden Warrior to third
Juan Acero to second
Runner from 3rd tries for Home, SAFE, throw by CF to home
Batting: RHB Jordan Hall 0-0: Ball
1-0: Swinging Strike
1-1: Ball
2-1: Fly out, F4 (Line Drive, 4, EV 70.0 MPH)
Batting: RHB Yankel Pensak 0-0: Swinging Strike
0-1: Called Strike
0-2: Ball
1-2: Strikes out looking
Top of the 7th over - 1 run, 1 hit, 0 errors, 2 left on base; Connecticut 8 - Spokane 4
BOTTOM OF THE 7TH
Spokane Indians batting - Pitching for Connecticut Tigers : RHP Alan Grossfeld
Now at 3B: Zach Rose
Batting: RHB Theo van Gent 0-0: Ball
1-0: Ball
2-0: Ball
3-0: Foul Ball, location: 2F
3-1: Base on Balls
Batting: RHB Josh Whitmore 0-0: Ball
1-0: Bunted foul
1-1: Bunted foul
1-2: Foul Ball, location: 2F
1-2: Fly out, F9 (Line Drive, 89M, EV 96.2 MPH)
Batting: RHB Austin Mickelson 0-0: Called Strike
Theo van Gent steals 2nd, throwing error, E2
Theo van Gent to third
0-1: Ball
1-1: Ground out 6-3 (Groundball, 6, EV 80.0 MPH)
Theo van Gent scores
Batting: RHB Chad Thompson 0-0: Called Strike
0-1: Ball
1-1: Swinging Strike
1-2: Ground out 5-3 (Groundball, 5, EV 79.4 MPH)
Bottom of the 7th over - 1 run, 0 hits, 1 error, 0 left on base; Connecticut 8 - Spokane 5
TOP OF THE 8TH
Connecticut Tigers batting - Pitching for Spokane Indians : LHP Mario Castro
Batting: RHB Jeremiah Washington 0-0: Called Strike
0-1: Foul Ball, location: 2F
0-2: Foul Ball, location: 2F
0-2: Foul Ball, location: 2F
0-2: Strikes out swinging
Batting: RHB Janne Vihko 0-0: Called Strike
0-1: Called Strike
0-2: Strikes out swinging
Batting: LHB Antonio Luis 0-0: Ball
1-0: Fly out, F7 (Flyball, 7S, EV 91.2 MPH)
Top of the 8th over - 0 runs, 0 hits, 0 errors, 0 left on base; Connecticut 8 - Spokane 5
BOTTOM OF THE 8TH
Spokane Indians batting - Pitching for Connecticut Tigers : RHP Alan Grossfeld
Pitching: LHP Victor Villarreal
Now in LF: Kaleb Yerger
Batting: LHB Mike Sammons 0-0: Ball
1-0: Swinging Strike
1-1: Ball
2-1: Foul Ball, location: 2F
2-2: Strikes out swinging
Batting: RHB Laroya Foronda 0-0: Called Strike
0-1: Ball
1-1: Foul Ball, location: 2F
1-2: Foul Ball, location: 2F
1-2: Strikes out swinging
Batting: RHB Dennis Daniels 0-0: Ball
1-0: Ball
2-0: Called Strike
2-1: Ball
3-1: DOUBLE (Line Drive, 7LS, EV 95.6 MPH)
Batting: RHB Dennis Daniels 0-0: Called Strike
0-1: Called Strike
0-2: Ball
1-2: Ball
2-2: Foul Ball, location: 2F
2-2: Strikes out swinging
Bottom of the 8th over - 0 runs, 1 hit, 0 errors, 1 left on base; Connecticut 8 - Spokane 5
TOP OF THE 9TH
Connecticut Tigers batting - Pitching for Spokane Indians : LHP Mario Castro
Batting: RHB Jaden Warrior 0-0: Ground out 3-1 (Groundball, 34, EV 80.0 MPH)
Batting: RHB Zack DiCicco 0-0: Foul Ball, location: 2F
0-1: Foul Ball, location: 2F
0-2: Foul Ball, location: 2F
0-2: Foul Ball, location: 2F
0-2: Ball
1-2: Foul Ball, location: 2F
1-2: Foul Ball, location: 2F
1-2: Strikes out swinging
Batting: RHB Juan Acero 0-0: Called Strike
0-1: Ball
1-1: Ball
2-1: Foul Ball, location: 2F
2-2: Strikes out looking
Top of the 9th over - 0 runs, 0 hits, 0 errors, 0 left on base; Connecticut 8 - Spokane 5
BOTTOM OF THE 9TH
Spokane Indians batting - Pitching for Connecticut Tigers : LHP Victor Villarreal
Pitching: RHP Sho Sekine
Batting: RHB Rick Concha 0-0: Ball
1-0: Swinging Strike
1-1: Ball
2-1: Swinging Strike
2-2: Ball
3-2: SINGLE (Groundball, 6MD, EV 103.1 MPH)
Pinch Hitting: LHB Gabriel Graves 0-0: Foul Ball, location: 2F
0-1: Ball
1-1: SINGLE (Groundball, 6MD, EV 109.4 MPH)
Rick Concha to second
Pinch Hitting: LHB Ben Radach 0-0: Foul Ball, location: 2F
0-1: SINGLE (Groundball, 34D, EV 102.5 MPH)
Rick Concha to third
Gabriel Graves to second
Batting: RHB Austin Mickelson 0-0: Ball
1-0: Called Strike
1-1: Swinging Strike
1-2: Strikes out looking
Batting: RHB Chad Thompson 0-0: Ball
1-0: Foul Ball, location: 2F
1-1: Foul Ball, location: 2F
1-2: Ball
2-2: Foul Ball, location: 2F
2-2: Strikes out looking
Batting: LHB Mike Sammons 0-0: Ball
1-0: Called Strike
1-1: Called Strike
1-2: Ball
2-2: Ball
Passed Ball!
Rick Concha scores
Gabriel Graves to third
Ben Radach to second
3-2: Fly out, F8 (Flyball, 78M, EV 85.6 MPH)
Bottom of the 9th over - 1 run, 3 hits, 0 errors, 2 left on base; Connecticut 8 - Spokane 6
Tuesday, March 28th , 2023 - OOTP Baseball 23.10 Build 110